 Dungeon Crawl Stone Soup version 0.26-a0-58-g79b31b8 (webtiles) character file.

Game seed: 10549980700244889538

7441 thirtiethelement the Blocker (level 11, -29/86 (87) HPs)
             Began as a Gnoll Fighter on June 8, 2020.
             Was a Priest of Cheibriados.
             Killed by refrigeration
             ... invoked by Fannar
              (52 damage)
             ... on level 10 of the Dungeon.
             The game lasted 00:15:43 (8243 turns).

thirtiethelement the Blocker (Gnoll Fighter)        Turns: 8243, Time: 00:15:44

HP:   -29/86 (87)   AC: 15    Str: 28    XL:     11   Next: 15%
MP:   19/19         EV: 15    Int: 17    God:    Cheibriados [***...]
Gold: 1180          SH: 14    Dex: 23    Spells: 20/21 levels left

rFire    + + .     SeeInvis .   w - +0 broad axe
rCold    x . .     Gourm    .   E - +2 buckler
rNeg     . . .     Faith    .   o - +0 fire dragon scales
rPois    +         Spirit   .   (no helmet)
rElec    .         Reflect  +   G - +0 cloak
rCorr    .         Harm     .   k - +1 pair of gloves
MR       .....                  (no boots)
Stlth    ++........             j - amulet of reflection
HPRegen  0.24/turn              t - ring of wizardry
MPRegen  0.16/turn              u - ring of poison resistance

@: very slow
A: distributed training, fangs 1, strong nose
a: Bend Time, Temporal Distortion, Renounce Religion


You were on level 10 of the Dungeon.
You worshipped Cheibriados.
Cheibriados was most pleased with you.
You were not hungry.

You visited 2 branches of the dungeon, and saw 11 of its levels.

You collected 1180 gold pieces.

Inventory:

Hand Weapons
 a - a +1 war axe
 w - a +0 broad axe (weapon)
 F - a +2 battleaxe of flaming
Missiles
 C - 7 boomerangs (quivered)
Armour
 c - a +0 kite shield
 k - a +1 pair of gloves (worn)
 o - +0 fire dragon scales (worn)
 y - +2 acid dragon scales
 E - a +2 buckler (worn)
 G - a +0 cloak (worn)
Jewellery
 j - an amulet of reflection (around neck)
 m - an uncursed amulet of guardian spirit
 t - a ring of wizardry (left hand)
 u - a ring of poison resistance (right hand)
Wands
 p - a wand of iceblast (21)
 x - a wand of enslavement (6)
 B - a wand of clouds (1)
 I - a wand of digging (6)
 L - a wand of polymorph (8)
Scrolls
 b - a scroll of amnesia
 e - 7 scrolls of teleportation
 h - 2 scrolls of fear
 l - 5 scrolls of remove curse
 v - 4 scrolls of identify
 J - a scroll of blinking
 K - a scroll of magic mapping
Potions
 d - 2 potions of might
 g - a potion of haste {unknown}
 i - 2 potions of brilliance
 n - a potion of cancellation
 q - 3 potions of mutation {unknown}
 r - a potion of berserk rage {unknown}
 s - 2 potions of lignification {unknown}
 z - a potion of stabbing {unknown}
 A - a potion of invisibility {unknown}
 D - 2 potions of flight {unknown}
 H - a potion of curing {unknown}
Comestibles
 f - 12 rations
 M - 5 chunks of flesh


   Skills:
 + Level 8.9 Fighting
 + Level 5.9 Short Blades
 + Level 5.9 Long Blades
 + Level 7.5 Axes
 + Level 5.9 Maces & Flails
 + Level 5.9 Polearms
 + Level 5.9 Staves
 + Level 5.9 Slings
 + Level 5.9 Bows
 + Level 5.9 Crossbows
 + Level 5.9 Throwing
 + Level 8.9 Armour
 + Level 5.9 Dodging
 + Level 5.9 Stealth
 + Level 8.9 Shields
 + Level 5.9 Unarmed Combat
 + Level 5.9 Spellcasting
 + Level 4.9 Conjurations
 + Level 4.9 Hexes
 + Level 4.9 Charms
 + Level 4.9 Summonings
 + Level 4.9 Necromancy
 + Level 4.9 Translocations
 + Level 4.9 Transmutations
 + Level 4.9 Fire Magic
 + Level 4.9 Ice Magic
 + Level 4.9 Air Magic
 + Level 4.9 Earth Magic
 + Level 4.9 Poison Magic
 + Level 6.5 Invocations
 + Level 5.9 Evocations


You had 20 spell levels left.
You knew the following spells:

 Your Spells              Type           Power        Failure   Level  Hunger
a - Pain                  Necr           ###.         1%          1    None

Your spell library contained the following spells:

 Spells                   Type           Power        Failure   Level  Hunger
 Animate Skeleton         Necr           N/A          1%          1    None
 Infusion                 Chrm           ###.         1%          1    None
 Shroud of Golubria       Chrm/Tloc      ###...       2%          2    None
 Song of Slaying          Chrm           ###.....     2%          2    None
 Ozocubu's Armour         Chrm/Ice       ###.....     4%          3    ##.....
 Spectral Weapon          Hex/Chrm       ###.....     4%          3    ##.....
 Vampiric Draining        Necr           ###.......   4%          3    ##.....
 Animate Dead             Necr           N/A          16%         4    ####...
 Agony                    Necr           ###.....     38%         5    #####..


Dungeon Overview and Level Annotations

Branches:
Dungeon (10/15)            Temple (1/1) D:7            Lair (0/6) D:8
    Orc: D:9-12

Altars:
Ashenzari
Cheibriados
Dithmenos
Elyvilon
Fedhas
Gozag
Hepliaklqana
Kikubaaqudgha
Makhleb
Nemelex Xobeh
Okawaru
Qazlal
Ru
Sif Muna
Trog
Uskayaw
Vehumet
Wu Jian
Xom
Yredelemnul
Zin
The Shining One

Annotations:
D:10 Fannar


Innate Abilities, Weirdness & Mutations

Your experience applies equally to all skills.
You have very sharp teeth.
Your uncanny sense of smell can sniff out nearby items.


Message History

The troll closely misses you. The yak gores you.
* * * LOW HITPOINT WARNING * * *
You slash the troll! You bite the troll.
The troll is almost dead.
You slash the yak!
You kill the yak!
Cheibriados appreciates the change of pace.
You block the troll's attack. The troll completely misses you.
The troll barely misses you.
Okay, then.
You block the troll's attack. The troll claws you but does no damage.
You block the troll's attack.
You slash the troll!
You kill the troll!
Cheibriados appreciates the change of pace.
Fannar gestures wildly while chanting.
Fannar drains the heat from the surrounding environment!
You feel a terrible chill!
You feel very cold.
Ouch! That really hurt!
You die...

.....# .....# ...#
.....# #..## #<...#
+...# #....## +...#
#.†...# #...# #.†...#
#...# #e†...#
#######...####+#@....#
.....................#
.....................#
..#######............#
..# #######........
..# #......$.. ..#+#
#......... ....#
#......... ....#
#........


You could see Fannar (icy armour, resistant).

Vanquished Creatures
  Harold (D:7)
  A two-headed ogre (D:8)
  Joseph (D:7)
  Maggie (D:6)
  A troll (D:10)
  Grinder (D:5)
  2 hippogriffs
  Sigmund (D:6)
  8 yaks
  Edmund (D:5)
  A water moccasin (D:6)
  Duvessa (D:7)
  3 sky beasts
  A black bear (D:7)
  2 phantoms
  A necrophage (D:8)
  4 ogres
  5 centaurs
  2 crocodiles
  4 bullfrogs
  A wyvern zombie (D:9)
  A gnoll sergeant (D:6)
  Dowan (D:7)
  A water moccasin skeleton (D:4)
  2 crimson imps
  A bullfrog zombie (D:9)
  A centaur zombie (D:7)
  2 jellies (D:9)
  3 orc priests
  A gnoll shaman (D:8)
  Crazy Yiuf (D:7)
  A centaur skeleton (D:7)
  5 orc wizards
  An iguana (D:9)
  6 worker ants
  2 hound skeletons
  A worker ant zombie (D:7)
  10 gnolls
  8 adders
  3 howler monkey skeletons
  A shadow imp (D:7)
  An adder skeleton (D:9)
  A worm (D:2)
  2 dart slugs
  10 leopard geckos
  27 orcs
  A ball python (D:2)
  7 giant cockroaches
  11 goblins
  7 hobgoblins
  9 jackals
  5 quokkas
  5 bats
  4 frilled lizards
  A jackal skeleton (D:4)
  13 kobolds
  3 leopard gecko skeletons
  A quokka zombie (D:7)
  9 rats
212 creatures vanquished.

Notes
Turn   | Place    | Note
-------+----------+-------------------------------------------
     0 | D:1      | thirtiethelement the Gnoll Fighter began the quest for the
                  | Orb.
     0 | D:1      | Reached XP level 1. HP: 23/23 MP: 1/1
   120 | D:1      | Reached XP level 2. HP: 29/29 MP: 2/2
   340 | D:1      | Reached XP level 3. HP: 31/35 MP: 3/3
   947 | D:2      | Found a radiant altar of Vehumet.
   955 | D:2      | Reached skill level 1 in Invocations
  1003 | D:2      | Found a glowing silver altar of Zin.
  1093 | D:2      | Reached skill level 1 in Short Blades
  1093 | D:2      | Reached skill level 1 in Long Blades
  1093 | D:2      | Reached skill level 1 in Maces & Flails
  1093 | D:2      | Reached skill level 1 in Polearms
  1093 | D:2      | Reached skill level 1 in Staves
  1093 | D:2      | Reached skill level 1 in Slings
  1093 | D:2      | Reached skill level 1 in Bows
  1093 | D:2      | Reached skill level 1 in Crossbows
  1093 | D:2      | Reached skill level 1 in Throwing
  1093 | D:2      | Reached skill level 1 in Dodging
  1093 | D:2      | Reached skill level 1 in Stealth
  1093 | D:2      | Reached skill level 1 in Unarmed Combat
  1093 | D:2      | Reached skill level 1 in Spellcasting
  1093 | D:2      | Reached skill level 1 in Evocations
  1093 | D:2      | Reached XP level 4. HP: 36/41 MP: 5/5
  1418 | D:2      | Found a shadowy altar of Dithmenos.
  1658 | D:3      | Found a faded altar of an unknown god.
  1801 | D:3      | Found an opulent altar of Gozag.
  2160 | D:3      | Reached skill level 1 in Conjurations
  2160 | D:3      | Reached skill level 1 in Hexes
  2160 | D:3      | Reached skill level 1 in Charms
  2160 | D:3      | Reached skill level 1 in Summonings
  2160 | D:3      | Reached skill level 1 in Necromancy
  2160 | D:3      | Reached skill level 1 in Translocations
  2160 | D:3      | Reached skill level 1 in Transmutations
  2160 | D:3      | Reached skill level 1 in Fire Magic
  2160 | D:3      | Reached skill level 1 in Ice Magic
  2160 | D:3      | Reached skill level 1 in Air Magic
  2160 | D:3      | Reached skill level 1 in Earth Magic
  2160 | D:3      | Reached skill level 1 in Poison Magic
  2330 | D:4      | Found a glowing golden altar of the Shining One.
  2376 | D:4      | Noticed a phantom
  2392 | D:4      | Killed a phantom
  2392 | D:4      | Reached XP level 5. HP: 41/47 MP: 5/7
  2539 | D:4      | Learned a level 1 spell: Pain
  2587 | D:4      | Reached XP level 6. HP: 47/53 MP: 8/8
  2638 | D:4      | Reached skill level 5 in Axes
  2750 | D:4      | Found a stormy altar of Qazlal.
  3049 | D:5      | Entered Level 5 of the Dungeon
  3178 | D:5      | Found a sacrificial altar of Ru.
  3204 | D:5      | Noticed Grinder
  3204 | D:5      | Paralysed by Grinder for 4 turns
  3214 | D:5      | Paralysed by Grinder for 3 turns
  3218 | D:5      | Killed Grinder
  3218 | D:5      | Reached XP level 7. HP: 41/60 MP: 10/10
  3548 | D:5      | Noticed Edmund
  3568 | D:5      | Killed Edmund
  4117 | D:5      | Found a burning altar of Makhleb.
  4174 | D:6      | Reached XP level 8. HP: 61/67 MP: 12/12
  4323 | D:6      | Noticed Maggie
  4352 | D:6      | Killed Maggie
  4881 | D:6      | Noticed Sigmund
  4891 | D:6      | Killed Sigmund
  4891 | D:6      | Reached XP level 9. HP: 72/72 MP: 14/14
  5135 | D:7      | Noticed Harold
  5150 | D:7      | Killed Harold
  5402 | D:7      | Noticed Duvessa
  5402 | D:7      | Noticed Dowan
  5403 | D:7      | Found a staircase to the Ecumenical Temple.
  5409 | D:7      | Killed Duvessa
  5420 | D:7      | Killed Dowan
  5426 | Temple   | Entered the Ecumenical Temple
  5542 | Temple   | Became a worshipper of Cheibriados the Contemplative
  5564 | D:7      | Reached skill level 5 in Invocations
  5704 | D:7      | Noticed Joseph
  5715 | D:7      | Killed Joseph
  5715 | D:7      | Reached XP level 10. HP: 45/80 MP: 15/17
  5891 | D:7      | Found a runed translucent door.
  5892 | D:7      | Noticed Crazy Yiuf
  5986 | D:7      | Killed Crazy Yiuf
  6219 | D:8      | Found a staircase to the Lair.
  6220 | D:8      | Reached * piety under Cheibriados
  6222 | D:8      | Reached skill level 5 in Short Blades
  6222 | D:8      | Reached skill level 5 in Long Blades
  6222 | D:8      | Reached skill level 5 in Maces & Flails
  6222 | D:8      | Reached skill level 5 in Polearms
  6222 | D:8      | Reached skill level 5 in Staves
  6222 | D:8      | Reached skill level 5 in Slings
  6222 | D:8      | Reached skill level 5 in Bows
  6222 | D:8      | Reached skill level 5 in Crossbows
  6222 | D:8      | Reached skill level 5 in Throwing
  6222 | D:8      | Reached skill level 5 in Dodging
  6222 | D:8      | Reached skill level 5 in Stealth
  6222 | D:8      | Reached skill level 5 in Unarmed Combat
  6222 | D:8      | Reached skill level 5 in Spellcasting
  6222 | D:8      | Reached skill level 5 in Evocations
  6646 | D:8      | Found an iron altar of Okawaru.
  6650 | D:8      | Reached ** piety under Cheibriados
  6687 | D:8      | Identified a scroll of acquirement
  6832 | D:8      | Found a hazy altar of Hepliaklqana.
  6981 | D:8      | Noticed a two-headed ogre
  6994 | D:8      | Killed a two-headed ogre
  7230 | D:9      | Found a blossoming altar of Fedhas.
  7340 | D:9      | Found an ornate altar of the Wu Jian Council.
  7523 | D:9      | Reached *** piety under Cheibriados
  7604 | D:9      | Found an ancient bone altar of Kikubaaqudgha.
  8030 | D:10     | Entered Level 10 of the Dungeon
  8045 | D:10     | Reached XP level 11. HP: 50/86 MP: 19/19
  8236 | D:10     | Noticed Fannar
  8243 | D:10     | Killed from afar by Fannar

Illustrated notes

Levels and vault maps discovered:
D:1:      mrwooster_arrival_arrow, layout_basic, minmay_misc_feat_pillars,
          minmay_heptomino_w4
D:2:      layout_rooms, vehumet_crystals, lemuel_coloured_pillars_altar,
          nicolae_dithmenos_through_a_glass_darkly
D:3:      layout_loops_ring, nicolae_overflow_crystal_walls,
          chequers_ecumenical_altar_simple_redux, minivault_11,
          kennysheep_crisscross, kennysheep_potato
D:4:      layout_loops_ring, marbit_many_paths, nicolae_qazlal_general_emergency
D:5:      layout_loops_corners, nicolae_ru_great_annihilating_truth,
          makhleb_grotto_becter, first_ration, uniq_edmund, uniq_grinder
D:6:      layout_gridville, chequers_serial_rivers_micro_c, uniq_maggie,
          uniq_sigmund
D:7:      layout_loops_ring, minmay_temple_entry_waves, uniq_crazy_yiuf_cottage,
          uniq_joseph, uniq_duvessa, uniq_harold
D:8:      layout_loops_ring, old_standard_altar, okawaru_altar_gauntlet_db,
          david_lair_generic
D:9:      layout_long_grid, kennysheep_little_box, lemuel_doored_altar,
          lemuel_crystal_altar
D:10:     layout_irregular_city, the_bakery, uniq_fannar, uniq_gastronok
Temple:   eino_wide_crystal_templ

Skill      XL: |  1  2  3  4  5  6  7  8  9 10 |
---------------+-------------------------------+-----
Invocations    | 1 2 3 4 5 6 |  6.5
Short Blades   | 1 2 3 4 5 |  5.9
Long Blades    | 1 2 3 4 5 |  5.9
Maces & Flails | 1 2 3 4 5 |  5.9
Polearms       | 1 2 3 4 5 |  5.9
Staves         | 1 2 3 4 5 |  5.9
Slings         | 1 2 3 4 5 |  5.9
Bows           | 1 2 3 4 5 |  5.9
Crossbows      | 1 2 3 4 5 |  5.9
Throwing       | 1 2 3 4 5 |  5.9
Dodging        | 1 2 3 4 5 |  5.9
Stealth        | 1 2 3 4 5 |  5.9
Unarmed Combat | 1 2 3 4 5 |  5.9
Spellcasting   | 1 2 3 4 5 |  5.9
Evocations     | 1 2 3 4 5 |  5.9
Conjurations   | 1 2 3 4 |  4.9
Hexes          | 1 2 3 4 |  4.9
Charms         | 1 2 3 4 |  4.9
Summonings     | 1 2 3 4 |  4.9
Necromancy     | 1 2 3 4 |  4.9
Translocations | 1 2 3 4 |  4.9
Transmutations | 1 2 3 4 |  4.9
Fire Magic     | 1 2 3 4 |  4.9
Ice Magic      | 1 2 3 4 |  4.9
Air Magic      | 1 2 3 4 |  4.9
Earth Magic    | 1 2 3 4 |  4.9
Poison Magic   | 1 2 3 4 |  4.9
Axes           | 5 6 7 |  7.5
Fighting       | 7 8 |  8.9
Armour         | 7 8 |  8.9
Shields        | 7 8 |  8.9

Action                   |  1- 3 |  4- 6 |  7- 9 | 10-12 || total
-------------------------+-------+-------+-------+-------++-------
Melee: War axe           |    90 |   115 |    75 |       ||   280
       Bite              |     8 |    11 |    45 |    40 ||   104
       Broad axe         |       |       |   129 |   236 ||   365
Throw: Boomerang         |       |       |     1 |       ||     1
Evoke: Wand              |       |       |     3 |     3 ||     6
  Use: Scroll            |     4 |     8 |     2 |     2 ||    16
 Stab: Paralysed         |       |     1 |       |       ||     1
       Sleeping          |       |       |       |     2 ||     2
  Eat: Chunk             |     1 |     6 |     9 |     4 ||    20
       Ration            |       |       |       |     1 ||     1
Armor: Scale mail        |    18 |       |       |       ||    18
       Fire dragon scale |     5 |    28 |    35 |    93 ||   161
       Acid dragon scale |       |       |    21 |       ||    21
Dodge: Dodged            |    18 |    23 |    75 |   141 ||   257
Block: Kite shield       |    80 |    84 |   136 |       ||   300
       Reflection        |     4 |     1 |     8 |    10 ||    23
       Buckler           |       |       |    57 |   207 ||   264

Table legend:
 A = Non-vault XP
 B = Vault XP
 C = Vault XP percentage of total XP
 D = Non-vault monster count
 E = Vault monster count
 F = Vault count percentage of total count
                 A         B        C        D         E       F
            +---------+---------+-------+---------+---------+-------
      Total |    6977 |    3654 |  34.4 |     179 |      33 |  15.6
            +---------+---------+-------+---------+---------+-------
        D:1 |      45 |       7 |  13.5 |      25 |       5 |  16.7
        D:2 |      58 |       0 |   0.0 |      19 |       0 |   0.0
        D:3 |      28 |       5 |  15.2 |      10 |       3 |  23.1
        D:4 |     343 |      13 |   3.7 |      10 |       1 |   9.1
        D:5 |     155 |     539 |  77.7 |       5 |       7 |  58.3
        D:6 |     743 |     635 |  46.1 |      21 |       2 |   8.7
        D:7 |     937 |    1858 |  66.5 |      27 |       6 |  18.2
        D:8 |    1690 |     597 |  26.1 |      28 |       9 |  24.3
        D:9 |    1199 |       0 |   0.0 |      25 |       0 |   0.0
       D:10 |    1779 |       0 |   0.0 |       9 |       0 |   0.0
            +---------+---------+-------+---------+---------+-------
